 Dungeon Crawl Stone Soup version 0.23-a0-344-ge122d05 (webtiles) character file.

124 MisterFreud the Vandal (level 5, -7/34 HPs)
             Began as a Halfling Hunter on Oct 19, 2018.
             Was an Initiate of Ru.
             Mangled by an ogre
             ... wielding a +0 giant club
              (11 damage)
             ... on level 3 of the Dungeon.
             The game lasted 00:07:30 (3410 turns).

MisterFreud the Vandal (Halfling Hunter)            Turns: 3410, Time: 00:07:31

Health: -7/34      AC:  4    Str: 13    XL:     5   Next: 30%
Magic:  5/5        EV: 14    Int: 15    God:    Ru [......]
Gold:   130        SH:  0    Dex: 16    Spells: 4/4 levels left

rFire    . . .     SeeInvis .   a - +1 hunting sling
rCold    . . .     Gourm    .   (shield restricted)
rNeg     . . .     Faith    .   c - +0 leather armour
rPois    +         Spirit   .   (no helmet)
rElec    .         Reflect  .   (no cloak)
rCorr    .         Harm     .   n - +0 pair of gloves
MR       .....                  (no boots)
Stlth    ++........             (no amulet)
HPRegen  0.11/turn              e - +6 ring of intelligence
MPRegen  0.09/turn              p - ring of poison resistance

@: no status effects
A: small, mutation resistance 1
a: Sacrifice Stealth, Sacrifice Experience, Sacrifice a Hand, Reject Sacrifices,
Renounce Religion


You were on level 3 of the Dungeon.
You worshipped Ru.
Ru was noncommittal.
You were not hungry.

You visited 1 branch of the dungeon, and saw 4 of its levels.

You collected 130 gold pieces.

Inventory:

Hand Weapons
 a - a +1 hunting sling (weapon)
 b - a +1 rapier of venom
 y - a +0 dagger of electrocution
Missiles
 d - 41 sling bullets (quivered)
 h - 160 stones
Armour
 c - a +0 leather armour (worn)
 n - a +0 pair of gloves (worn)
Jewellery
 e - a +6 ring of intelligence (left hand)
 p - a ring of poison resistance (right hand)
Wands
 C - a wand of paralysis (4)
Scrolls
 i - 3 scrolls of blinking
 j - 4 scrolls of magic mapping
 k - a scroll of teleportation {unknown}
 l - a scroll of immolation {unknown}
 m - 2 scrolls of enchant armour {unknown}
 t - 3 scrolls of remove curse {unknown}
 v - a scroll of enchant weapon {unknown}
Potions
 g - 3 potions of agility
 o - a potion of might
 q - a potion of heal wounds {unknown}
 r - 4 potions of curing
 s - 2 potions of brilliance
 u - a potion of mutation {unknown}
 w - a potion of flight {unknown}
 z - 2 potions of magic {unknown}
 A - a potion of haste {unknown}
 B - a potion of berserk rage {unknown}
Comestibles
 f - 7 rations


   Skills:
 - Level 1.7 Fighting
 + Level 3.0 Short Blades
 - Level 6.4 Slings
 - Level 2.1 Dodging
 - Level 4.0 Stealth


You had 4 spell levels left.
You didn't know any spells.
Your spell library was empty.

Dungeon Overview and Level Annotations

Branches:
Dungeon (4/15)
 Temple: D:4-7

Altars:
Hepliaklqana
Nemelex Xobeh
Ru
Wu Jian
The Shining One

Annotations:
D:3 1 runed door, rabbit's ghost, amateur GrFi


Innate Abilities, Weirdness & Mutations

You are small and have problems with some larger weapons.
You are somewhat resistant to further mutation.


Message History

Aim: an ogre, wielding a +0 giant club (severely wounded)
You shoot a sling bullet.
The sling bullet hits the ogre but does no damage.
The ogre is severely wounded.
The ogre closely misses you.
Firing (i - inventory. (/) - cycle)
d - 43 sling bullets (quivered)
Press: ? - help, Shift-Dir - straight line, f/p - ogre
Aim: an ogre, wielding a +0 giant club (severely wounded)
You shoot a sling bullet. The sling bullet hits the ogre.
The ogre is severely wounded.
The ogre hits you with a +0 giant club!
* * * LOW HITPOINT WARNING * * *
You are too injured to fight recklessly!
Firing (i - inventory. (/) - cycle)
d - 42 sling bullets (quivered)
Press: ? - help, Shift-Dir - straight line, f/p - ogre
Aim: an ogre, wielding a +0 giant club (severely wounded)
You shoot a sling bullet.
The sling bullet barely misses the ogre.
The ogre hits you with a +0 giant club!
You die...

#########
#.......#############
#.#####.............######
#.#####..#####.###..†....#
#.##........##.###..####.#
#.##.##..##......##### #.#
#........#####...#♣..♣##.#
####..##(.O@.....#♣.♣.##.#
##...#########.'.♣..##.#
#.....# #......#♣.♣.#..#
##...## #......#♣♣.♣####
##.## #......###### #.#
#.......##..## #.#
#)......##...#
###.#####.......###.##
#.......#.......# #.#


You could see an ogre.

Vanquished Creatures
  5 adders
  An ooze (D:2)
  A worm (D:3)
  A dart slug (D:1)
  A leopard gecko (D:2)
  4 orcs (D:3)
  5 giant cockroaches
  12 goblins
  8 hobgoblins
  A jackal (D:3)
  2 kobolds
  2 quokkas
  10 bats
  6 frilled lizards
  5 rats
64 creatures vanquished.

Notes
Turn   | Place    | Note
-------+----------+-------------------------------------------
     0 | D:1      | MisterFreud the Halfling Hunter began the quest for the
                  | Orb.
     0 | D:1      | Reached XP level 1. HP: 14/14 MP: 1/1
    51 | D:1      | Reached skill level 6 in Slings
   169 | D:1      | Reached XP level 2. HP: 11/19 MP: 2/2
   997 | D:1      | Reached XP level 3. HP: 22/24 MP: 3/3
  1623 | D:2      | Found a hazy altar of Hepliaklqana.
  1708 | D:2      | Reached XP level 4. HP: 21/29 MP: 4/4
  1888 | D:2      | Found a sparkling altar of Nemelex Xobeh.
  1889 | D:2      | Found a sacrificial altar of Ru.
  1890 | D:2      | Found a glowing golden altar of the Shining One.
  1922 | D:2      | Became a worshipper of Ru the Awakened
  2450 | D:2      | Reached skill level 1 in Short Blades
  2577 | D:3      | Found a runed door.
  2728 | D:3      | Noticed rabbit's ghost (amateur GrFi)
  2781 | D:3      | Found an ornate altar of the Wu Jian Council.
  2971 | D:3      | Reached XP level 5. HP: 26/34 MP: 5/5
  3345 | D:4      | Noticed an ogre
  3345 | D:4      | Noticed an ogre
  3394 | D:4      | Noticed an ogre
  3410 | D:3      | Mangled by an ogre

Vault maps used:
D:1:      nagdon_arrival_zigzag_paths, moated_statue, minmay_misc_feat_cross
D:2:      minmay_wonky_spiral, lemuel_doored_altar,
          chequers_temple_overflow_statue_of_worship, first_ration
D:3:      marbit_many_paths, ebering_ghost_reflecting_pool, chequers_arboretum
D:4:      yredelemnul_forgotten_temple_becter, minmay_temple_entry_crystal_x

Skill      XL: |  1  2  3  4  5 |
---------------+----------------+-----
Slings         | 6 |  6.4
Stealth        | 2 3 4 |  4.0
Short Blades   | 2 3 |  3.0
Fighting       | |  1.7
Dodging        | |  2.1

Action                   |  1- 3 |  4- 6 || total
-------------------------+-------+-------++-------
Melee: Short sword       |   133 |   123 ||   256
       Dagger            |       |    34 ||    34
 Fire: Hunting sling     |     1 |     3 ||     4
  Use: Scroll            |     4 |     2 ||     6
 Stab: Sleeping          |     2 |     7 ||     9
  Eat: Chunk             |     3 |     5 ||     8
Armor: Leather armour    |    30 |    27 ||    57
Dodge: Dodged            |   100 |   124 ||   224

Table legend:
 A = Non-vault XP
 B = Vault XP
 C = Vault XP percentage of total XP
 D = Non-vault monster count
 E = Vault monster count
 F = Vault count percentage of total count
                 A         B        C        D         E       F
            +---------+---------+-------+---------+---------+-------
      Total |     168 |      10 |   5.6 |      61 |       3 |   4.7
            +---------+---------+-------+---------+---------+-------
        D:1 |      39 |       0 |   0.0 |      23 |       0 |   0.0
        D:2 |      67 |       8 |  10.7 |      20 |       2 |   9.1
        D:3 |      60 |       2 |   3.2 |      17 |       1 |   5.6
        D:4 |       2 |       0 |   0.0 |       1 |       0 |   0.0
            +---------+---------+-------+---------+---------+-------
